AoeStats
← nutria._.del._.monte

Arena

510139295Analyzed
1v1 RM · 3d ago on Sep 29, 2026· 29m 7s· 2 players
Game mode
Random Map
Map size
Tiny (2 player)
Population
200
Speed
Normal
Resources
Standard
Victory
Conquest
Starting age
Dark Age
Ending age
Imperial Age
RankedLock teamsTeams togetherTeam positionsShared explorationLock speedFull tech treeHidden civsTurbo modeCheats
Victory
Defeat
🇹🇷 Turks · Türkiye
971
+15
🇦🇷 Armenians · Argentina
948
-15
nutria._.del._.monte
9:53 Feudal Age
10:21 Double-Bit Axe
12:44 Horse Collar
12:55 Loom
16:32 Castle Age
17:53 Squires
17:57 Scale Mail Armor
18:13 Bow Saw
21:35 Stone Mining
22:20 Ballistics
23:30 Wheelbarrow
24:58 Fervor
25:09 Sanctity
26:20 Heavy Plow
26:35 Fletching
27:28 Bodkin Arrow
27:34 Padded Archer Armor
AnatolianTiger
11:04 Feudal Age
16:37 Castle Age
14:59 Double-Bit Axe
14:56 Horse Collar
22:42 Imperial Age
25:37 Padded Archer Armor
26:55 Fletching
29:10 Leather Archer Armor
Connection lost

Rejoining the realm…

Still unreachable

The connection could not be restored.

Session expired

The server has moved on; the page needs a fresh start.